ESL (28 & UNDER)
INTERCOURSE AMISH @ PENQUANNOCK OVERRATED JETER
09/05/2029
 
TOP OF THE 1ST
Intercourse Amish batting - Pitching for Penquannock Overrated Jeter : RHP Dave Funk
Pitching: RHP Dave Funk
Batting: RHB Pablo Díaz 0-0: Ball
1-0: Ball
2-0: Called Strike
2-1: SINGLE (Popup, 15)
Batting: LHB Jesús Rojas 0-0: Foul Ball, location: 2F
0-1: Ball
1-1: Foul Ball, location: 2F
1-2: Ball
2-2: Ball
3-2: Base on Balls
Pablo Díaz to second
Batting: SHB Ralph Robison 0-0: Called Strike
0-1: Called Strike
0-2: Foul Ball, location: 2F
0-2: Strikes out swinging
Batting: LHB Dave Reynolds 0-0: Ball
1-0: Called Strike
1-1: Ball
2-1: Foul Ball, location: 2F
2-2: Ball
3-2: Fly out, F8 (Flyball, 8LM)
Batting: RHB Mitsuoki Taguchi 0-0: Called Strike
0-1: Ball
1-1: Swinging Strike
1-2: Ball
Wild Pitch!
Pablo Díaz to third
Jesús Rojas to second
2-2: Ball
3-2: Foul Ball, location: 2F
3-2: Base on Balls
Batting: RHB Juan Estrada 0-0: Ball
1-0: Called Strike
1-1: Called Strike
1-2: Strikes out swinging
Top of the 1st over - 0 runs, 1 hit, 0 errors, 3 left on base; Intercourse 0 - Penquannock 0
BOTTOM OF THE 1ST
Penquannock Overrated Jeter batting - Pitching for Intercourse Amish : RHP Sixto Santiago
Pitching: RHP Sixto Santiago
Batting: RHB Gary Wyatt 0-0: Ball
1-0: Called Strike
1-1: Foul Ball, location: 2F
1-2: Fly out, F8 (Flyball, 89D)
Batting: RHB Bernardo Enríquez 0-0: Fly out, F7 (Line Drive, 7LD)
Batting: LHB Félix Costa 0-0: Foul Ball, location: 2F
0-1: Foul Ball, location: 2F
0-2: DOUBLE (Line Drive, 89D)
Batting: SHB Cristián López 0-0: Ball
1-0: Ball
2-0: Called Strike
2-1: Foul Ball, location: 2F
2-2: Foul Ball, location: 2F
2-2: Fly out, F7 (Line Drive, 78D)
Bottom of the 1st over - 0 runs, 1 hit, 0 errors, 1 left on base; Intercourse 0 - Penquannock 0
TOP OF THE 2ND
Intercourse Amish batting - Pitching for Penquannock Overrated Jeter : RHP Dave Funk
Batting: LHB Bruce Foster 0-0: Ball
1-0: Foul Ball, location: 2F
1-1: Ball
2-1: Foul Ball, location: 2F
2-2: Ball
3-2: Ground out 6-3 (Groundball, 6M)
Batting: LHB Tony O'Bryan 0-0: Fly out, F9 (Flyball, 9LD)
Batting: RHB Bob Carr 0-0: Ball
1-0: Called Strike
1-1: Foul Ball, location: 2F
1-2: Ball
2-2: Fly out, F4 (Line Drive, 4MD)
Top of the 2nd over - 0 runs, 0 hits, 0 errors, 0 left on base; Intercourse 0 - Penquannock 0
BOTTOM OF THE 2ND
Penquannock Overrated Jeter batting - Pitching for Intercourse Amish : RHP Sixto Santiago
Batting: LHB Pete Weber 0-0: Called Strike
0-1: Foul Ball, location: 2F
0-2: Ball
1-2: Fly out, F7 (Flyball, 78XD)
Batting: LHB Eric Powell 0-0: Called Strike
0-1: Ball
1-1: Swinging Strike
1-2: Ball
2-2: Strikes out swinging
Batting: LHB Pepe González 0-0: Called Strike
0-1: Ball
1-1: Ground out 3-1 (Groundball, 34)
Bottom of the 2nd over - 0 runs, 0 hits, 0 errors, 0 left on base; Intercourse 0 - Penquannock 0
TOP OF THE 3RD
Intercourse Amish batting - Pitching for Penquannock Overrated Jeter : RHP Dave Funk
Batting: RHB Pablo Díaz 0-0: Ground out 6-3 (Groundball, 6)
Batting: LHB Jesús Rojas 0-0: Ball
1-0: Called Strike
1-1: Swinging Strike
1-2: Ball
2-2: Strikes out looking
Batting: SHB Ralph Robison 0-0: Ball
1-0: Ball
2-0: Foul Ball, location: 2F
2-1: Ball
3-1: Base on Balls
Batting: LHB Dave Reynolds 0-0: Called Strike
0-1: 2-RUN HOME RUN (Flyball, 9D), Distance : 368 ft
Batting: RHB Mitsuoki Taguchi 0-0: Ball
1-0: Foul Ball, location: 2F
1-1: Ball
2-1: Ball
3-1: Foul Ball, location: 2F
3-2: Base on Balls
Batting: RHB Juan Estrada 0-0: Called Strike
0-1: 2-RUN HOME RUN (Flyball, 78XD), Distance : 393 ft
Batting: LHB Bruce Foster 0-0: Ball
1-0: Foul Ball, location: 2F
1-1: DOUBLE (Line Drive, 7LD)
Batting: LHB Tony O'Bryan 0-0: Called Strike
0-1: Ball
1-1: Ball
2-1: Ground out 4-3 (Groundball, 4)
Top of the 3rd over - 4 runs, 3 hits, 0 errors, 1 left on base; Intercourse 4 - Penquannock 0
BOTTOM OF THE 3RD
Penquannock Overrated Jeter batting - Pitching for Intercourse Amish : RHP Sixto Santiago
Batting: RHB Phil Wright 0-0: Ball
1-0: Foul Ball, location: 2F
1-1: Reached on error, E7 (Flyball, 7)
Batting: RHB Manny Perea 0-0: Ball
1-0: Called Strike
1-1: Ball
2-1: Foul Ball, location: 2F
2-2: Grounds into double play, 6-4-3 (Groundball, 6)
Batting: RHB Gary Wyatt 0-0: Called Strike
0-1: Ball
1-1: SINGLE (Groundball, 6MD)
Batting: RHB Bernardo Enríquez 0-0: Called Strike
0-1: Ball
1-1: 2-RUN HOME RUN (Flyball, 78XD), Distance : 403 ft
Batting: LHB Félix Costa 0-0: Ball
1-0: Ground out U3 (Groundball, 3)
Bottom of the 3rd over - 2 runs, 2 hits, 1 error, 0 left on base; Intercourse 4 - Penquannock 2
TOP OF THE 4TH
Intercourse Amish batting - Pitching for Penquannock Overrated Jeter : RHP Dave Funk
Batting: RHB Bob Carr 0-0: Called Strike
0-1: Swinging Strike
0-2: Strikes out looking
Batting: RHB Pablo Díaz 0-0: Ball
1-0: Ball
2-0: Ball
3-0: Base on Balls
Batting: LHB Jesús Rojas 0-0: Called Strike
0-1: Ball
1-1: Ball
2-1: Foul Ball, location: 2F
2-2: Ball
3-2: Base on Balls
Pablo Díaz to second
Pitching: RHP Ramiro Vargas
Batting: SHB Ralph Robison 0-0: Swinging Strike
0-1: Ball
1-1: Ball
2-1: Ball
3-1: Foul Ball, location: 2F
3-2: Base on Balls
Pablo Díaz to third
Jesús Rojas to second
Batting: LHB Dave Reynolds 0-0: Ball
1-0: Ball
2-0: Ball
3-0: Base on Balls
Pablo Díaz scores
Jesús Rojas to third
Ralph Robison to second
Batting: RHB Mitsuoki Taguchi 0-0: Ground out 3-1 (Groundball, 23)
Jesús Rojas scores
Ralph Robison to third
Dave Reynolds to second
Batting: RHB Juan Estrada 0-0: Called Strike
0-1: Swinging Strike
0-2: Ball
1-2: Strikes out swinging
Top of the 4th over - 2 runs, 0 hits, 0 errors, 2 left on base; Intercourse 6 - Penquannock 2
BOTTOM OF THE 4TH
Penquannock Overrated Jeter batting - Pitching for Intercourse Amish : RHP Sixto Santiago
Batting: SHB Cristián López 0-0: Called Strike
0-1: Ball
1-1: Fly out, F8 (Line Drive, 8RD)
Batting: LHB Pete Weber 0-0: Ball
1-0: Ball
2-0: Swinging Strike
2-1: Ground out 6-3 (Groundball, 6)
Batting: LHB Eric Powell 0-0: Ball
1-0: Ball
2-0: Swinging Strike
2-1: Ball
3-1: Foul Ball, location: 2F
3-2: Base on Balls
Batting: LHB Pepe González 0-0: Ball
1-0: Called Strike
1-1: Ball
2-1: Ball
3-1: SINGLE (Groundball, 4MD)
Eric Powell to second
Runner from 2nd tries for 3rd, SAFE, no throw
Batting: RHB Phil Wright 0-0: Called Strike
0-1: Called Strike
0-2: Foul Ball, location: 2F
0-2: Ball
1-2: SINGLE (Flyball, 9LS)
Eric Powell scores
Pepe González to second
Runner from 2nd tries for 3rd, SAFE, no throw
Pitching: RHP Jeremiah Moran
Batting: RHB Manny Perea 0-0: Foul Ball, location: 2F
0-1: Ball
1-1: Ball
2-1: Ball
3-1: SINGLE (Groundball, 6MD)
Pepe González scores
Phil Wright to second
Runner from 2nd tries for 3rd, SAFE, no throw
Batting: RHB Gary Wyatt 0-0: Ball
Wild Pitch!
Phil Wright scores
Manny Perea to second
1-0: Called Strike
1-1: Swinging Strike
1-2: Ball
2-2: Ball
3-2: Ground out 4-3 (Groundball, 4)
Bottom of the 4th over - 3 runs, 3 hits, 0 errors, 1 left on base; Intercourse 6 - Penquannock 5
TOP OF THE 5TH
Intercourse Amish batting - Pitching for Penquannock Overrated Jeter : RHP Ramiro Vargas
Batting: LHB Bruce Foster 0-0: Ball
1-0: Fly out, F7 (Flyball, 7)
Batting: LHB Tony O'Bryan 0-0: Ball
1-0: Ground out 1-3 (Groundball, 13S)
Batting: RHB Bob Carr 0-0: Ball
1-0: Ground out 6-3 (Groundball, 6)
Top of the 5th over - 0 runs, 0 hits, 0 errors, 0 left on base; Intercourse 6 - Penquannock 5
BOTTOM OF THE 5TH
Penquannock Overrated Jeter batting - Pitching for Intercourse Amish : RHP Jeremiah Moran
Batting: RHB Bernardo Enríquez 0-0: Called Strike
0-1: Ball
1-1: SINGLE (Groundball, 56D)
Batting: LHB Félix Costa 0-0: Called Strike
0-1: Ball
1-1: Ball
2-1: Foul Ball, location: 2F
2-2: Foul Ball, location: 2F
2-2: Ball
3-2: Foul Ball, location: 2F
3-2: Foul Ball, location: 2F
3-2: Fly out, F6 (Popup, 6D)
Batting: SHB Cristián López 0-0: Called Strike
0-1: Foul Ball, location: 2F
0-2: Foul Ball, location: 2F
0-2: SINGLE (Line Drive, 4D)
Bernardo Enríquez to second
Batting: LHB Pete Weber 0-0: Fly out, F8 (Flyball, 89D)
Batting: LHB Eric Powell 0-0: Swinging Strike
0-1: Ground out U3 (Groundball, 3)
Bottom of the 5th over - 0 runs, 2 hits, 0 errors, 2 left on base; Intercourse 6 - Penquannock 5
TOP OF THE 6TH
Intercourse Amish batting - Pitching for Penquannock Overrated Jeter : RHP Ramiro Vargas
Batting: RHB Pablo Díaz 0-0: Called Strike
0-1: Called Strike
0-2: Ground out U3 (Groundball, 34)
Batting: LHB Jesús Rojas 0-0: Ball
1-0: Ball
2-0: Ball
3-0: Base on Balls
Batting: SHB Ralph Robison 0-0: Ball
1-0: Ball
2-0: Ball
3-0: Base on Balls
Jesús Rojas to second
Batting: LHB Dave Reynolds 0-0: 3-RUN HOME RUN (Flyball, 9D), Distance : 365 ft
Pitching: RHP César Villanueva
Batting: RHB Mitsuoki Taguchi 0-0: Ball
1-0: Ball
2-0: Called Strike
2-1: SINGLE (Groundball, 4MD)
Batting: RHB Juan Estrada 0-0: Called Strike
0-1: Ball
Mitsuoki Taguchi steals 2nd base
1-1: Ball
2-1: SINGLE (Groundball, 56D)
Mitsuoki Taguchi to third
Runner from 3rd tries for Home, SAFE, no throw
Batting: LHB Bruce Foster 0-0: Ball
Juan Estrada steals 2nd base
1-0: Ball
2-0: Ball
3-0: Called Strike
3-1: Base on Balls
Batting: LHB Tony O'Bryan 0-0: Called Strike
0-1: Ball
1-1: Foul Ball, location: 2F
1-2: Foul Ball, location: 2F
1-2: Fly out, F8 (Flyball, 8RXD)
Runner from 2nd tags up, SAFE at 3rd, no throw
Batting: RHB Bob Carr 0-0: Called Strike
0-1: Ball
1-1: Ball
2-1: Single, Error in OF, E8, batter to second base
Juan Estrada scores
Bruce Foster to third
Batting: RHB Pablo Díaz 0-0: Ball
1-0: Ball
2-0: Ball
3-0: Called Strike
3-1: 3-RUN HOME RUN (Flyball, 7LD), Distance : 358 ft
Batting: LHB Jesús Rojas 0-0: Ball
1-0: Ball
2-0: Ball
3-0: Base on Balls
Batting: SHB Ralph Robison 0-0: Foul Ball, location: 2F
0-1: Ball
1-1: Ball
2-1: Ball
3-1: Ground out 4-3 (Groundball, 4)
Top of the 6th over - 8 runs, 5 hits, 1 error, 1 left on base; Intercourse 14 - Penquannock 5
BOTTOM OF THE 6TH
Penquannock Overrated Jeter batting - Pitching for Intercourse Amish : RHP Jeremiah Moran
Batting: LHB Pepe González 0-0: Ball
1-0: Ground out 6-3 (Groundball, 6)
Batting: RHB Phil Wright 0-0: Called Strike
0-1: Ball
1-1: Ground out 5-3 (Groundball, 56)
Batting: RHB Manny Perea 0-0: Ball
1-0: SINGLE (Groundball, 6MD)
Batting: RHB Gary Wyatt 0-0: Called Strike
0-1: Ball
1-1: Ball
2-1: Ball
3-1: Fly out, F8 (Flyball, 8LM)
Bottom of the 6th over - 0 runs, 1 hit, 0 errors, 1 left on base; Intercourse 14 - Penquannock 5
TOP OF THE 7TH
Intercourse Amish batting - Pitching for Penquannock Overrated Jeter : RHP César Villanueva
Batting: LHB Dave Reynolds 0-0: Ball
1-0: Called Strike
1-1: Ground out 6-3 (Groundball, 6)
Batting: RHB Mitsuoki Taguchi 0-0: Called Strike
0-1: Fly out, F3 (Popup, 34)
Batting: RHB Juan Estrada 0-0: Ball
1-0: Called Strike
1-1: SOLO HOME RUN (Flyball, 9D), Distance : 369 ft
Batting: LHB Bruce Foster 0-0: Ball
1-0: Called Strike
1-1: Foul Ball, location: 2F
1-2: SOLO HOME RUN (Flyball, 9LD), Distance : 332 ft
Batting: LHB Tony O'Bryan 0-0: Foul Ball, location: 2F
0-1: Ball
1-1: Swinging Strike
1-2: Ball
2-2: Foul Ball, location: 2F
2-2: Foul Ball, location: 2F
2-2: Ball
3-2: Base on Balls
Batting: RHB Bob Carr 0-0: Called Strike
0-1: Ball
1-1: Ball
2-1: Ball
3-1: SINGLE (Line Drive, 6MD)
Tony O'Bryan to second
Runner from 2nd tries for 3rd, SAFE, no throw
Batting: RHB Pablo Díaz 0-0: Called Strike
0-1: Ball
1-1: Ball
2-1: Called Strike
2-2: Foul Ball, location: 2F
2-2: Foul Ball, location: 2F
2-2: Fielders Choice at 2nd, 6-4 (Groundball, 6)
Top of the 7th over - 2 runs, 3 hits, 0 errors, 2 left on base; Intercourse 16 - Penquannock 5
BOTTOM OF THE 7TH
Penquannock Overrated Jeter batting - Pitching for Intercourse Amish : RHP Jeremiah Moran
Batting: RHB Bernardo Enríquez 0-0: Called Strike
0-1: Ball
1-1: Ground out 5-3 (Groundball, 56S)
Batting: LHB Félix Costa 0-0: Called Strike
0-1: Ball
1-1: Ground out U3 (Groundball, 3L)
Batting: SHB Cristián López 0-0: Called Strike
0-1: Called Strike
0-2: Ball
1-2: Foul Ball, location: 2F
1-2: Ball
2-2: Strikes out swinging
Bottom of the 7th over - 0 runs, 0 hits, 0 errors, 0 left on base; Intercourse 16 - Penquannock 5
TOP OF THE 8TH
Intercourse Amish batting - Pitching for Penquannock Overrated Jeter : RHP César Villanueva
Batting: LHB Jesús Rojas 0-0: Ball
1-0: SOLO HOME RUN (Flyball, 7LD), Distance : 334 ft
Pitching: RHP Woody Wright
Batting: SHB Ralph Robison 0-0: Ball
1-0: Foul Ball, location: 2F
1-1: Swinging Strike
1-2: Ball
2-2: Foul Ball, location: 2F
2-2: Foul Ball, location: 2F
2-2: Ball
3-2: Base on Balls
Batting: LHB Dave Reynolds 0-0: Ball
1-0: Ball
2-0: Ball
3-0: Called Strike
3-1: Base on Balls
Ralph Robison to second
Batting: RHB Mitsuoki Taguchi 0-0: Called Strike
0-1: Ball
1-1: SINGLE (Groundball, 56D)
Ralph Robison to third
Dave Reynolds to second
Batting: RHB Juan Estrada 0-0: Foul Ball, location: 2F
0-1: Hit by Pitch
Ralph Robison scores
Dave Reynolds to third
Mitsuoki Taguchi to second
Batting: LHB Bruce Foster 0-0: Ball
1-0: Called Strike
1-1: Foul Ball, location: 2F
1-2: Fielders Choice at 2nd, 6-4 (Groundball, 6)
Dave Reynolds scores
Mitsuoki Taguchi to third
Batting: LHB Tony O'Bryan 0-0: Called Strike
0-1: Ball
1-1: Ball
2-1: Swinging Strike
2-2: Foul Ball, location: 2F
2-2: Ball
3-2: SINGLE (Groundball, 34D)
Mitsuoki Taguchi scores
Bruce Foster to second
Bruce Foster to third
Batting: RHB Bob Carr 0-0: Called Strike
Tony O'Bryan is caught stealing 2nd base
0-1: Called Strike
0-2: Ball
1-2: Foul Ball, location: 2F
1-2: Foul Ball, location: 2F
1-2: Ball
2-2: Ground out 6-3 (Groundball, 6)
Top of the 8th over - 4 runs, 3 hits, 0 errors, 1 left on base; Intercourse 20 - Penquannock 5
BOTTOM OF THE 8TH
Penquannock Overrated Jeter batting - Pitching for Intercourse Amish : RHP Jeremiah Moran
Pitching: RHP António Castaneda
Now at 3B: Joe Zapata
Batting: LHB Pete Weber 0-0: Swinging Strike
0-1: Ball
1-1: Called Strike
1-2: Ball
2-2: Foul Ball, location: 2F
2-2: Foul Ball, location: 2F
2-2: Ball
3-2: Foul Ball, location: 2F
3-2: Foul Ball, location: 2F
3-2: Foul Ball, location: 2F
3-2: Strikes out swinging
Batting: LHB Eric Powell 0-0: Called Strike
0-1: Ball
1-1: Called Strike
1-2: Foul Ball, location: 2F
1-2: Foul Ball, location: 2F
1-2: Foul Ball, location: 2F
1-2: Ball
2-2: Ground out 4-3 (Groundball, 4)
Batting: LHB Pepe González 0-0: Ball
1-0: Ball
2-0: Foul Ball, location: 2F
2-1: Swinging Strike
2-2: Ball
3-2: Ground out 5-3 (Groundball, 56)
Bottom of the 8th over - 0 runs, 0 hits, 0 errors, 0 left on base; Intercourse 20 - Penquannock 5
TOP OF THE 9TH
Intercourse Amish batting - Pitching for Penquannock Overrated Jeter : RHP Woody Wright
Batting: RHB Pablo Díaz 0-0: Ball
1-0: Foul Ball, location: 2F
1-1: DOUBLE (Flyball, 89D)
Batting: LHB Jesús Rojas 0-0: Ball
Wild Pitch!
Pablo Díaz to third
1-0: Ball
2-0: Called Strike
2-1: Ground out 4-3 (Groundball, 4)
Pablo Díaz scores
Batting: SHB Ralph Robison 0-0: Ball
1-0: Foul Ball, location: 2F
1-1: Foul Ball, location: 2F
1-2: Ball
2-2: Ball
3-2: Foul Ball, location: 2F
3-2: Base on Balls
Batting: LHB Dave Reynolds 0-0: Called Strike
0-1: Ball
1-1: Foul Ball, location: 2F
1-2: Hit by Pitch
Ralph Robison to second
Batting: RHB Mitsuoki Taguchi 0-0: SINGLE (Groundball, 34D)
Ralph Robison to third
Dave Reynolds to second
Runner from 3rd tries for Home, SAFE, no throw
Pitching: RHP Kelsey Scott
Batting: RHB Joe Zapata 0-0: Ball
1-0: Ball
2-0: Ball
3-0: Base on Balls
Dave Reynolds to third
Mitsuoki Taguchi to second
Batting: LHB Bruce Foster 0-0: Ball
1-0: Grounds into double play, 6-4-3 (Groundball, 6)
Top of the 9th over - 2 runs, 2 hits, 0 errors, 2 left on base; Intercourse 22 - Penquannock 5
BOTTOM OF THE 9TH
Penquannock Overrated Jeter batting - Pitching for Intercourse Amish : RHP António Castaneda
Now at C: Roberto Solís
Now at 2B: John Jones
Batting: RHB Phil Wright 0-0: Ground out 5-3 (Groundball, 5S)
Batting: RHB Manny Perea 0-0: SINGLE (Line Drive, 7S)
Batting: RHB Gary Wyatt 0-0: Called Strike
0-1: DOUBLE (Line Drive, 7D)
Manny Perea to third
Batting: RHB Bernardo Enríquez 0-0: Ball
1-0: Hit by Pitch
Batting: LHB Félix Costa 0-0: Swinging Strike
0-1: Ball
1-1: Foul Ball, location: 2F
1-2: Grounds into double play, 5-4-3 (Groundball, 56)
Bottom of the 9th over - 0 runs, 2 hits, 0 errors, 2 left on base; Intercourse 22 - Penquannock 5
Saturday, December 16th, 2017 - OOTP Baseball 18.8 Build 76